 Dungeon Crawl Stone Soup version 0.30-a0-1160-g6e42c06551 (webtiles) character file.

Game seed: 16157941576430687167

103 voltaire321 the Stinger (level 4, -6/27 HPs)
             Began as an Octopode Venom Mage on Apr 26, 2023.
             Killed by divine providence
             ... invoked by an orc priest
              (10 damage)
             ... on level 4 of the Dungeon.
             The game lasted 00:06:19 (2570 turns).

voltaire321 the Stinger (Octopode Venom Mage)       Turns: 2570, Time: 00:06:20

Health: -6/27      AC:  1    Str:  7    XL:     4   Next: 79%
Magic:  6/7        EV: 13    Int: 19    God:
Gold:   193        SH:  0    Dex: 12    Spells: 5/8 levels left

rFire   . . .        n - +1 hand axe (vamp)
rCold   . . .        (no shield)
rNeg    . . .        (helmet restricted)
rPois   .            (no amulet)
rElec   .            (no ring)
rCorr   .            (no ring)
SInv    .            (no ring)
Will    .....        (no ring)
Stlth   +++          (no ring)
HPRegen 0.24/turn    (no ring)
MPRegen 0.10/turn    (no ring)
                     (no ring)

%: no passive effects
@: no status effects
A: almost no armour, amphibious, 8 rings, camouflage 1, gelatinous body 1,
(nimble swimmer 1), tentacles
a: no special abilities


You were on level 4 of the Dungeon.
You visited 1 branch of the dungeon, and saw 4 of its levels.

You collected 193 gold pieces.

Inventory:

Hand Weapons
 b - a +0 dagger
 n - a +1 vampiric hand axe (weapon)
Scrolls
 c - a scroll of vulnerability {unknown}
 f - 2 scrolls of teleportation {unknown}
 g - 2 scrolls of poison {unknown}
 k - a scroll of noise {unknown}
 m - a scroll of identify {unknown}
 q - a scroll of blinking {unknown}
Potions
 a - 2 potions of magic
 d - 2 potions of ambrosia {unknown}
 e - 2 potions of cancellation {unknown}
 h - 2 potions of haste {unknown}
 i - 5 potions of curing {unknown}
 j - a potion of mutation {unknown}
 l - a potion of degeneration {unknown}
 o - 2 potions of heal wounds {unknown}
 p - a potion of attraction {unknown}


   Skills:
 + Level 2.6 Dodging
 + Level 3.8 Stealth
 + Level 2.5 Spellcasting
 + Level 2.0 Transmutations
 + Level 1.0 Air Magic
 + Level 4.2 Poison Magic


You had 5 spell levels left.
You knew the following spells:

 Your Spells              Type           Power      Damage    Failure   Level
a - Sting                 Tmut/Pois      56%        1d5       4%          1
b - Poisonous Vapours     Pois/Air       24%        N/A       9%          2

Your spell library contained the following spells:

 Spells                   Type           Power      Damage    Failure   Level
 Lesser Beckoning         Tloc           4%         N/A       24%         2
 Mephitic Cloud           Conj/Pois/Air  9%         N/A       24%         3
 Olgreb's Toxic Radiance  Pois           18%        N/A       26%         4
 Gell's Gravitas          Tloc           2%         N/A       43%         3
 Teleport Other           Tloc           2%         N/A       43%         3
 Volatile Blastmotes      Fire/Tloc      4%         2d10      43%         3
 Summon Lightning Spire   Summ/Air       4%         N/A       78%         4
 Fulminant Prism          Conj/Hex       1%         3d5       85%         4
 Iskenderun's Mystic Bla  Conj/Tloc      2%         2d3       85%         4
 Lee's Rapid Deconstruct  Erth           1%         3d4*      99%         5
 Storm Form               Tmut/Air       4%         N/A       100%        7
 Maxwell's Capacitive Co  Air            3%         ∞         100%        8


Dungeon Overview and Level Annotations

Branches:
Dungeon (4/15)
 Temple: D:4-7

Altars:

Annotations:
D:4 Dowan


Innate Abilities, Weirdness & Mutations

You cannot wear most types of armour.
You are amphibious.
You can wear up to eight rings at the same time.
Your skin changes colour to match your surroundings (Stealth+).
Your rubbery body absorbs attacks. (AC +1, EV +1)
((You are camouflaged when in or above water. (Stealth+)))
You have tentacles for arms and can constrict up to eight enemies at once.


Message History

You constrict the orc. The orc hits you with a +0 club.
* * * LOW HITPOINT WARNING * * *
You hit the orc.
You kill the orc!
You hit the orc but do no damage. The orc hits you with a +0 hand axe.
* * * LOW HITPOINT WARNING * * *
You hit the orc. Your grab misses the orc.
The orc is heavily wounded.
An orc wizard comes into view. It is wielding a +0 dagger.
The orc barely misses you. The orc hits you with a +0 club.
* * * LOW HITPOINT WARNING * * *
The orc misses you.
You closely miss the orc.
The orc wizard shouts!
You grab the orc. You squeeze the orc.
You kill the orc!
You hit the orc.
You feel better. The orc barely misses you.
An orc priest comes into view. It is wielding a +0 short sword.
Your Air Magic skill increases to level 1!
The orc priest shouts!
You hit the orc.
You feel better.
Your grab misses the orc. Your squeeze misses the orc.
The orc is severely wounded.
The orc misses you.
You closely miss the orc. Your grab misses the orc.
Your squeeze misses the orc.
The orc is severely wounded.
The orc hits you with a +0 club.
* * * LOW HITPOINT WARNING * * *
You hit the orc.
You feel better.
You kill the orc!
You hear the slow rusting of a very distant drain.
The orc wizard barely misses you.
You barely miss the orc priest. You grab the orc priest.
You squeeze the orc priest.
The orc priest is lightly wounded.
You barely miss the orc wizard. You constrict the orc priest.
The orc priest mumbles some strange prayers to Beogh against you.
Beogh smites you!
You die...

#.# #.# #.##########
#..........# #.########.#
#.# ###.## #.# #....#
####.######...)######
#.........+..@)......
#.###.#####..oo.#####
##.###...####....#
#................#
##.###...####.#..#
...........#.#.<..
#####.#.#..#.#..#####..#.#
#.#............##..#.#
#.###..#.#..##.##..#.#


You could see an orc priest and an orc wizard.

Vanquished Creatures
  Terence (D:3)
  An adder (D:2)
  2 worms
  A dart slug (D:2)
  5 orcs
  6 bats
  5 endoplasms
  2 giant cockroaches (D:3)
  6 goblins
  4 hobgoblins
  4 jackals (D:2)
  A quokka (D:1)
  3 ball pythons
  3 frilled lizards
  4 kobolds
  6 rats
54 creatures vanquished.

Notes
Turn   | Place    | Note
-------+----------+-------------------------------------------
     0 | D:1      | voltaire321 the Octopode Venom Mage began the quest for the
                  | Orb.
     0 | D:1      | Reached XP level 1. HP: 11/11 MP: 3/3
   404 | D:1      | Reached XP level 2. HP: 17/17 MP: 0/5
   485 | D:1      | Found a faded altar of an unknown god.
   761 | D:2      | Reached XP level 3. HP: 10/21 MP: 4/6
  1054 | D:2      | Reached skill level 4 in Poison Magic
  1060 | D:2      | Learned a level 2 spell: Poisonous Vapours
  1115 | D:2      | Identified the +4 scale mail of Analysis {Harm rC+ Str+2
                  | Int+3}
  1600 | D:3      | Noticed Terence
  1610 | D:3      | Killed Terence
  1611 | D:3      | Reached XP level 4. HP: 20/27 MP: 1/7
  2482 | D:4      | Noticed Dowan
  2565 | D:4      | HP: 1/27 [orc/+0 club (4)]
  2567 | D:4      | Reached skill level 1 in Air Magic
  2570 | D:4      | Killed from afar by an orc priest

Illustrated notes

Levels and vault maps discovered:
D:1:      lightli_arrival_lavapool, layout_loops_cross,
          hellmonk_ecumenical_altar_slurped_away, st_stairs_1
D:2:      layout_basic
D:3:      layout_basic, st_stairs_11, uniq_terence
D:4:      layout_basic, gup_sewer_entry_bowl, uniq_duvessa

Skill      XL: |  1  2  3  4 |
---------------+-------------+-----
Stealth        | 3 |  3.8
Poison Magic   | 4 |  4.2
Transmutations | 2 |  2.0
Air Magic      | 1 |  1.0
Dodging        | |  2.6
Spellcasting   | |  2.5

Action                     |  1- 3 |  4- 6 || total
---------------------------+-------+-------++-------
  Melee: Dagger            |    40 |     2 ||    42
         Tentacles         |     9 |     5 ||    14
         Constrict         |     8 |     8 ||    16
         Hand axe          |       |    29 ||    29
   Cast: Sting             |    37 |    27 ||    64
   Stab: Sleeping          |     1 |       ||     1
 Armour: Skin              |     2 |       ||     2
  Dodge: Dodged            |    30 |    22 ||    52

Table legend: (Time is in decaauts)
 A = Elapsed time spent in this place.
 B = Non-inter-level travel time spent in this place.
 C = Inter-level travel time spent in this place.
 D = Time resting spent in this place.
 E = Time spent auto-exploring this place.
 F = Levels seen in this place.
 G = Mean time per level.
                   A        B        C        D        E       F      G
               +--------+--------+--------+--------+--------+-----+--------+
         Total |   2576 |   2538 |     38 |    204 |   1802 |   4 |  644.0 |
       Dungeon |   2576 |   2538 |     38 |    204 |   1802 |   4 |  644.0 |
               +--------+--------+--------+--------+--------+-----+--------+

Top non-repeatable levels by time:
     D:2: 897 daAuts
     D:3: 877 daAuts
     D:1: 700 daAuts
     D:4: 100 daAuts
